AoeStats
← Joaquito

Arena

509918050Analyzed
4v4 RM · 2d ago on Sep 28, 2026· 67m 0s· 8 players
Game mode
Random Map
Map size
Large (8 player)
Population
200
Speed
Normal
Resources
Standard
Victory
Conquest
Starting age
Dark Age
Ending age
Imperial Age
RankedLock teamsTeams togetherTeam positionsShared explorationLock speedFull tech treeHidden civsTurbo modeCheats
Victory
Defeat
🇨🇱 Bulgarians · Chile
1151
+12
🇨🇱 Tatars · Chile
1072
+15
🇨🇱 Slavs · Chile
1068
+15
🇨🇱 Celts · Chile
1016
+17
🇹🇷 Teutons · Türkiye
1149
-18
🇬🇷 Aztecs · Greece
1077
-16
🇹🇷 Cumans · Türkiye
1035
-14
🇳🇱 Goths · Netherlands
953
-11
taisho84
11:22 Feudal Age
11:27 Feudal Age
12:43 Double-Bit Axe
12:42 Horse Collar
17:40 Castle Age
16:13 Stone Mining
21:36 Loom
30:33 Imperial Age
28:09 Fletching
28:42 Ballistics
28:20 Pikeman
30:16 Masonry
30:54 Bodkin Arrow
30:59 Scale Mail Armor
31:08 Halberdier
33:18 Chemistry
32:30 Forging
35:04 Wheelbarrow
34:31 Heavy Plow
34:42 Bow Saw
35:18 Bracer
38:44 Iron Casting
38:25 Chain Mail Armor
40:19 Squires
41:09 Anarchy
41:31 Conscription
50:50 Elite Huskarl
54:41 Capped Ram
61:05 Padded Archer Armor
61:02 Murder Holes
demir perde
10:07 Feudal Age
12:18 Loom
14:45 Castle Age
12:58 Double-Bit Axe
13:14 Horse Collar
16:32 Wheelbarrow
15:42 Town Watch
18:14 Bow Saw
20:53 Town Patrol
21:08 Hand Cart
21:55 Bow Saw
21:46 Heavy Plow
28:37 Hand Cart
33:23 Imperial Age
31:04 Scale Barding Armor
31:09 Forging
31:33 Murder Holes
32:13 Chain Barding Armor
32:21 Bloodlines
34:13 Iron Casting
33:29 Fletching
33:47 Gold Mining
33:48 Stone Mining
34:00 Padded Archer Armor
35:58 Parthian Tactics
34:54 Heavy Cavalry Archer
36:42 Parthian Tactics
36:22 Thumb Ring
36:56 Ballistics
36:35 Bodkin Arrow
37:10 Conscription
37:28 Parthian Tactics
37:09 Thumb Ring
37:21 Leather Archer Armor
38:06 Blast Furnace
38:41 Gold Shaft Mining
42:03 Guilds
46:28 Scale Mail Armor
50:35 Light Cavalry
52:00 Plate Barding Armor
52:25 Blast Furnace
51:42 Chain Mail Armor
53:16 Hussar
55:05 Blast Furnace
61:51 Elite Steppe Lancer
fotolithos
13:15 Feudal Age
18:52 Castle Age
16:59 Double-Bit Axe
17:04 Horse Collar
20:02 Bow Saw
19:56 Heavy Plow
20:45 Wheelbarrow
22:05 Hand Cart
21:53 Loom
24:01 Gold Mining
26:53 Redemption
27:03 Fervor
27:11 Eagle Warrior
32:15 Imperial Age
31:01 Fortified Wall
31:14 Arson
31:30 Squires
32:30 Capped Ram
32:53 Elite Eagle Warrior
36:20 Garland Wars
36:07 Atlatl
37:17 Forging
37:07 Scale Mail Armor
39:26 Iron Casting
39:07 Chain Mail Armor
38:57 Pikeman
42:36 Crop Rotation
53:50 Crossbowman
55:01 Elite Skirmisher
Bilbo Baggins
11:27 Feudal Age
12:00 Double-Bit Axe
16:04 Castle Age
16:17 Wheelbarrow
17:13 Bow Saw
19:29 Horse Collar
24:18 Heavy Plow
26:05 Scale Mail Armor
26:18 Forging
27:10 Scale Barding Armor
27:41 Iron Casting
27:00 Gold Mining
31:02 Imperial Age
29:25 Chain Barding Armor
29:29 Hand Cart
29:51 Bloodlines
31:39 Cavalier
33:21 Blast Furnace
33:19 Paladin
35:19 Plate Barding Armor
37:36 Crop Rotation
38:06 Caravan
cacadecaca38
9:53 Feudal Age
10:48 Stone Mining
13:54 Loom
16:28 Castle Age
14:29 Double-Bit Axe
14:29 Horse Collar
14:49 Gold Mining
17:34 Bow Saw
18:05 Gold Shaft Mining
24:17 Heavy Plow
28:39 Wheelbarrow
29:32 Forging
30:03 Town Watch
31:34 Scale Barding Armor
32:31 Husbandry
33:47 Bloodlines
37:31 Iron Casting
38:22 Hand Cart
39:28 Chain Barding Armor
46:42 Imperial Age
44:59 Pikeman
45:40 Squires
46:51 Halberdier
48:57 Conscription
48:10 Capped Ram
50:09 Chemistry
49:30 Ballistics
48:58 Elite Keshik
50:52 Plate Barding Armor
52:15 Blast Furnace
Drookns
11:39 Feudal Age
12:41 Double-Bit Axe
15:25 Castle Age
13:45 Double-Bit Axe
14:27 Gold Mining
14:18 Horse Collar
18:09 Bow Saw
22:47 Wheelbarrow
23:54 Bloodlines
23:55 Loom
25:35 Fletching
25:51 Scale Barding Armor
26:22 Hand Cart
26:12 Husbandry
28:05 Detinets
29:37 Chain Barding Armor
29:27 Forging
31:25 Iron Casting
36:33 Imperial Age
36:13 Bodkin Arrow
36:41 Elite Boyar
38:09 Plate Barding Armor
38:43 Blast Furnace
40:02 Conscription
48:07 Pikeman
49:40 Halberdier
51:12 Halberdier
51:54 Elite Skirmisher
Joaquito
10:26 Feudal Age
14:49 Castle Age
12:42 Double-Bit Axe
17:39 Horse Collar
23:05 Wheelbarrow
25:55 Loom
29:40 Imperial Age
27:52 Forging
27:43 Scale Mail Armor
28:27 Hand Cart
28:01 Town Watch
29:22 Iron Casting
29:03 Chain Mail Armor
29:07 Gold Mining
31:50 Blast Furnace
31:26 Devotion
32:07 Conscription
31:54 Squires
31:40 Gambesons
31:41 Arson
32:29 Plate Mail Armor
32:39 Gold Shaft Mining
31:57 Stone Mining
34:13 Heavy Scorpion
35:17 Heavy Plow
36:36 Bagains
37:43 Town Patrol
39:30 Pikeman
42:42 Chemistry
42:03 Ballistics
41:39 Murder Holes
43:32 Halberdier
46:11 Masonry
Arzzeus
7:44 Loom
10:40 Feudal Age
14:33 Castle Age
13:29 Fletching
16:03 Double-Bit Axe
21:13 Ballistics
24:31 Wheelbarrow
24:17 Horse Collar
25:00 Bodkin Arrow
27:49 Heavy Plow
34:37 Forging
34:27 Scale Mail Armor
35:31 Stronghold
38:55 Imperial Age
37:03 Hand Cart
37:20 Gold Mining
38:41 Gambesons
38:41 Arson
38:18 Pikeman
40:06 Iron Casting
39:46 Chain Mail Armor
40:33 Bow Saw
39:52 Halberdier
41:40 Blast Furnace
42:35 Chemistry
44:03 Plate Mail Armor
44:18 Elite Skirmisher
46:08 Conscription
45:35 Man-at-Arms
47:06 Gold Shaft Mining
46:56 Long Swordsman
47:44 Two-Handed Swordsman
48:20 Champion
48:26 Champion
49:31 Sappers
Connection lost

Rejoining the realm…

Still unreachable

The connection could not be restored.

Session expired

The server has moved on; the page needs a fresh start.